 Dungeon Crawl Stone Soup version 0.22-a0-352-gc608dd7 (webtiles) character file.

60 inmateoo the Skirmisher (level 4, -3/37 HPs)
             Began as a Formicid Transmuter on Apr 14, 2018.
             Was an Initiate of Cheibriados.
             Slain by a sky beast (5 damage)
             ... on level 6 of the Dungeon.
             The game lasted 00:04:31 (2838 turns).

inmateoo the Skirmisher (Formicid Transmuter)       Turns: 2838, Time: 00:04:31

Health: -3/37      AC: 10    Str: 15    XL:     4   Next: 24%
Magic:  7/7        EV:  9    Int: 15    God:    Cheibriados [......]
Gold:   100        SH:  0    Dex: 17    Spells: 4/7 levels left

rFire    . . .     SeeInvis +   h - +1 whip
rCold    . . .     Gourm    .   (no shield)
rNeg     . . .     Faith    .   j - +0 plate armour
rPois    .         Spirit   .   (helmet unavailable)
rElec    .         Reflect  .   (no cloak)
rCorr    .         Harm     .   (no gloves)
MR       .....                  (no boots)
Stlth    ..........             (no amulet)
HPRegen  0.12/turn              k - ring of loudness (curse)
MPRegen  0.10/turn              (no ring)

@: agile, very slow
A: permanent stasis, dig shafts and tunnels, four strong arms, antennae 3
a: Dig, Shaft Self, Bend Time, Renounce Religion


You were on level 6 of the Dungeon.
You worshipped Cheibriados.
Cheibriados was noncommittal.
You were not hungry.

You visited 2 branches of the dungeon, and saw 6 of its levels.

You collected 100 gold pieces.

Inventory:

Hand Weapons
 b - a +0 mace
 h - a +1 whip (weapon)
Missiles
 a - 48 arrows
Armour
 j - a +0 plate armour (worn)
Jewellery
 k - a cursed ring of loudness (left hand)
Scrolls
 e - a scroll of fog
 g - a scroll of noise {unknown}
Potions
 l - a potion of cancellation
Comestibles
 c - a chunk of flesh
 d - 3 rations


   Skills:
 + Level 4.1 Fighting
 - Level 1.7 Dodging
 - Level 3.0 Unarmed Combat
 - Level 2.1 Spellcasting
 - Level 2.1 Transmutations


You had 4 spell levels left.
You knew the following spells:

 Your Spells              Type           Power        Failure   Level  Hunger
a - Beastly Appendage     Tmut           #.....       100%        1    #......
b - Sticks to Snakes      Tmut           #.......     100%        2    ###....


Dungeon Overview and Level Annotations

Branches:
Dungeon (6/15)             Temple (1/1) D:4

Altars:
Cheibriados
Dithmenos
Elyvilon
Fedhas
Gozag
Kikubaaqudgha
Makhleb
Nemelex Xobeh
Okawaru
Qazlal
Trog
Wu Jian
Xom
Yredelemnul
The Shining One


Innate Abilities, Weirdness & Mutations

You cannot be hasted, slowed, berserked, paralysed or teleported.
You can dig through walls and to a lower floor.
Your four strong arms can wield two-handed weapons with a shield.
You have a pair of large antennae on your head. (SInv)


Message History

You hit the sky beast.
The sky beast is almost dead.
The sky beast barely misses you.
Unknown command.
You hit the sky beast.
The sky beast is almost dead.
The sky beast hits you but does no damage.
Unknown command.
You hit the sky beast but do no damage.
The sky beast is almost dead.
The sky beast hits you but does no damage.
You hit the sky beast.
The sky beast is almost dead.
The sky beast hits you but does no damage.
You hit the sky beast.
The sky beast is almost dead.
The sky beast hits you.
* * * LOW HITPOINT WARNING * * *
The sky beast shocks you.
You die...

#.#####...
........#####
#.........#####
#.##
#............
#....#.†##......#
#.....<.##.#.##.#
#..###.###.#.# .
..#.....#
#.##.#@####.#
#....Y......#
#.......#####
.......!.#
##.......#
#.......#
#.......#
#.......#
#########


You could see a sky beast.

Vanquished Creatures
  2 adders (D:2)
  A dart slug (D:2)
  2 orcs
  2 bats
  4 giant cockroaches
  5 goblins
  5 hobgoblins
  4 jackals
  A ball python (D:2)
  2 frilled lizards (D:1)
  3 kobolds
  2 rats
33 creatures vanquished.

Vanquished Creatures (collateral kills)
  2 worms (D:2)
  A goblin (D:2)
3 creatures vanquished.

Grand Total: 36 creatures vanquished

Notes
Turn   | Place    | Note
-------+----------+-------------------------------------------
     0 | D:1      | inmateoo the Formicid Transmuter began the quest for the Orb.
     0 | D:1      | Reached XP level 1. HP: 15/15 MP: 3/3
   436 | D:1      | Reached skill level 2 in Fighting
   533 | D:1      | Reached XP level 2. HP: 19/22 MP: 5/5
   646 | D:1      | Learned a level 2 spell: Sticks to Snakes
  1288 | D:2      | Reached skill level 3 in Fighting
  1288 | D:2      | Reached XP level 3. HP: 26/29 MP: 6/6
  1973 | D:2      | Found a shimmering altar of Xom.
  2114 | D:2      | Found a shimmering altar of Xom.
  2114 | D:2      | Found a shimmering altar of Xom.
  2162 | D:2      | Found a shimmering altar of Xom.
  2163 | D:2      | Found a shimmering altar of Xom.
  2164 | D:2      | Found a shimmering altar of Xom.
  2281 | D:2      | Found a sparkling altar of Nemelex Xobeh.
  2421 | D:2      | Reached XP level 4. HP: 33/37 MP: 7/7
  2463 | D:2      | Reached skill level 4 in Fighting
  2663 | D:2      | You fall through a shaft for 2 floors!
  2668 | D:4      | Found a staircase to the Ecumenical Temple.
  2675 | Temple   | Entered the Ecumenical Temple
  2714 | Temple   | Became a worshipper of Cheibriados the Contemplative
  2732 | D:4      | Noticed a phantom
  2743 | D:4      | You fall through a shaft!
  2743 | D:5      | Entered Level 5 of the Dungeon
  2810 | D:6      | Noticed a sky beast
  2838 | D:6      | Slain by a sky beast

Vault maps used:
D:1:      dpeg_arrival_arbitrary_a, amethyst_killhole
D:2:      nemelex_altar_shiori, xom_redecorated
D:4:      minmay_temple_entry_metal_lava, first_ration
D:5:      zin_statuary, hangedman_ru_absence,
          eino_small_chamber_without_monster, uniq_edmund, uniq_prince_ribbit1
D:6:      uniq_eustachio
Temple:   nicolae_temple_great_sept

Skill      XL: |  1  2  3  4 |
---------------+-------------+-----
Fighting       | 2 3 4 |  4.1
Dodging        | |  1.7
Unarmed Combat | |  3.0
Spellcasting   | |  2.1
Transmutations | |  2.1

Action                   |  1- 3 |  4- 6 || total
-------------------------+-------+-------++-------
Melee: Unarmed           |    12 |       ||    12
       Whip              |   117 |    38 ||   155
       Kick              |     2 |       ||     2
       Punch             |       |     1 ||     1
 Cast: Beastly Appendage |     4 |       ||     4
       Sticks to Snakes  |     3 |     1 ||     4
 Abil: Shaft Self        |       |     1 ||     1
  Use: Scroll            |     5 |     3 ||     8
       Potion            |       |     1 ||     1
  Eat: Chunk             |     5 |     2 ||     7
Armor: Robe              |    29 |     1 ||    30
       Plate armour      |       |    16 ||    16
Dodge: Dodged            |    86 |    22 ||   108

Table legend:
 A = Spawn XP
 B = Non-spawn XP
 C = Spawn XP percentage of total XP
 D = Spawn monster count
 E = Non-spawn monster count
 F = Spawn count percentage of total count
 G = Total turns spent on level
                    A         B        C        D         E        F      G
               +---------+---------+-------+---------+---------+-------+---------
         Total |       0 |      86 |   0.0 |       0 |      36 |   0.0 |  2838
               +---------+---------+-------+---------+---------+-------+---------
           D:1 |       0 |      25 |   0.0 |       0 |      15 |   0.0 |  1747
           D:2 |       0 |      55 |   0.0 |       0 |      19 |   0.0 |   916
           D:5 |       0 |       3 |   0.0 |       0 |       1 |   0.0 |    56
           D:6 |       0 |       3 |   0.0 |       0 |       1 |   0.0 |    39
               +---------+---------+-------+---------+---------+-------+---------
